 Dungeon Crawl Stone Soup version 0.27-a0-1325-g58a489ad9e (webtiles) character file.

Game seed: 6591163147671037553

7116 freelancePsychic the Fighter (level 10, 0/79 HPs)
             Began as a Demonspawn Chaos Knight on June 25, 2021.
             Was a Believer of Lugonu.
             Slain by a shadow (11 damage)
             ... on level 9 of the Dungeon.
             The game lasted 00:33:31 (14150 turns).

freelancePsychic the Fighter (DsCK)                Turns: 14150, Time: 00:33:33

Health: 0/79       AC: 11    Str: 14    XL:     10   Next: 85%
Magic:  15/15      EV: 16    Int: 14    God:    Lugonu [**....]
Gold:   531        SH:  8    Dex: 14    Spells: 9/9 levels left

rFire    + . .     SeeInvis .   e - +1 dagger (venom)
rCold    + + .     Faith    .   (no shield)
rNeg     . . .     Spirit   .   g - +1 leather armour {rC+}
rPois    +         Reflect  .   v - +1 helmet
rElec    +         Harm     .   d - +0 cloak
rCorr    +         Rampage  .   (no gloves)
Will     .....     Clarity  +   (no boots)
Stlth    +.........             (no amulet)
HPRegen  0.23/turn              r - +6 ring of dexterity
MPRegen  0.14/turn              (no ring)

@: resistant, unable to read
A: molten scales 1, icemail 1, condensation shield, large bone plates 1,
clarity, clumsy 2, deformed body, frail 1, weak 1, inability to read while
threatened, MP-powered wands, sturdy frame 1
a: Renounce Religion, Depart the Abyss, Bend Space


You were on level 9 of the Dungeon.
You worshipped Lugonu.
Lugonu was pleased with you.
You visited 2 branches of the dungeon, and saw 10 of its levels.
You visited the Abyss 1 time.

You collected 531 gold pieces.

Inventory:

Hand Weapons
 e - a +1 dagger of venom (weapon)
Missiles
 h - 7 curare-tipped darts
Armour
 a - a +2 leather armour
 d - a +0 cloak (worn)
 g - a +1 leather armour of cold resistance (worn)
 v - a +1 helmet (worn)
Jewellery
 c - a ring of fire
 j - a +6 ring of dexterity
 r - a +6 ring of dexterity (left hand)
 s - a ring of fire
Wands
 k - a wand of flame (11) (quivered)
 t - a wand of polymorph (9)
 u - a wand of iceblast (11)
Scrolls
 i - a scroll of brand weapon
 l - a scroll of torment
 m - 2 scrolls of teleportation {@r4}
 n - 2 scrolls of holy word
 q - 3 scrolls of enchant weapon
Potions
 b - 2 potions of attraction
 f - a potion of haste {@q3}
 w - a potion of resistance


   Skills:
 + Level 11.6 Fighting
 - Level 5.0 Short Blades
 - Level 1.7 Armour
 + Level 8.4 Dodging
 - Level 2.8 Unarmed Combat
 - Level 7.7 Invocations


You had 9 spell levels left.
You didn't know any spells.
Your spell library contained the following spells:

 Spells                   Type           Power      Damage    Failure   Level
 Magic Dart               Conj           0%         1d3       30%         1
 Searing Ray              Conj           0%         3d3       41%         2
 Static Discharge         Conj/Air       0%         N/A       41%         2
 Dazzling Flash           Conj/Hex       0%         N/A       65%         3
 Fulminant Prism          Conj/Hex       0%         3d6       96%         4
 Iskenderun's Mystic Bla  Conj/Tloc      0%         2d3       96%         4
 Lightning Bolt           Conj/Air       0%         1d11      100%        5
 Ignition                 Fire           0%         3d3       100%        8
 Polar Vortex             Ice            0%         N/A       100%        9
 Shatter                  Erth           0%         3d5*      100%        9


Dungeon Overview and Level Annotations

Branches:
Dungeon (9/15)             Temple (1/1) D:5
   Lair: D:8-11         Orc: D:9-12

Altars:
Ashenzari
Cheibriados
Dithmenos
Fedhas
Gozag
Hepliaklqana
Kikubaaqudgha
Makhleb
Nemelex Xobeh
Qazlal
Ru
Sif Muna
Trog
Uskayaw
Vehumet
Wu Jian
Xom
Zin
The Shining One
Lugonu

Shops:
D:1 !   D:7 (   D:8 [

Annotations:
D:4 2 runed translucent doors
D:5 exclusion: downstairs
Abyss:1 Joseph


Innate Abilities, Weirdness & Mutations

You are partially covered in molten scales. (AC +2)
A meltable icy envelope protects you from harm. (AC +4)
A meltable shield of frost defends you. (SH +4)
You are partially covered in large bone plates. (SH +4)
You possess an exceptional clarity of mind.
You are very clumsy. (Dex -4)
Armour fits poorly on your strangely shaped body.
You are frail. (-10% HP)
You are weak. (Str -2)
You sometimes lose the ability to read scrolls when taking damage.
You expend magic power (3 MP) to strengthen your wands.
Your movements are slightly less encumbered by armour. (ER -2)


Message History

The shadow flickers and vanishes!
Deactivating autopickup; reactivate with Ctrl-A.
The howler monkey howls!
The shadow strikes at you from the darkness!
* * * LOW HITPOINT WARNING * * *
Reactivating autopickup.
Unknown command.
It was a potion of resistance.
You feel protected.
The shadow slips into darkness.
The shadow flickers and vanishes!
Deactivating autopickup; reactivate with Ctrl-A.
It was a potion of ambrosia.
You are confused.
You feel invigorated.
The shadow strikes at you from the darkness!
* * * LOW HITPOINT WARNING * * *
Reactivating autopickup.
The shadow hits you.
You feel less invigorated.
You feel less confused.
A purple ugly thing comes into view.
The purple ugly thing gurgles horribly!
It was a potion of magic.
Magic courses through your body. The shadow hits you!
* * * LOW HITPOINT WARNING * * *
Okay, then.
The shadow slips into darkness.
The shadow flickers and vanishes!
Deactivating autopickup; reactivate with Ctrl-A.
You hit the purple ugly thing.
The purple ugly thing is poisoned.
The purple ugly thing is lightly wounded.
You block the purple ugly thing's attack.
You barely miss the purple ugly thing.
The shadow strikes at you from the darkness!
The purple ugly thing claws you!
* * * LOW HITPOINT WARNING * * *
You hit something but do no damage.
The shadow strikes at you from the darkness!
You die...
Xom roars with laughter!

.##.# #.... .......##.##..##.#
#.... ...
...$..##...##..##.##.... + ####.#
#...##..#..##..##.#....
.##.##.####..##..###..##..##.....
............##..##:##..##..##....
...........##..##h.....=##..##...
............##.u##..##[##..##....
.............##.@##..###..##.....
..............##.{##..#..##......
.............#.##..##...##.......
###..####'##+#..##..##.##........
###..####.#......##..###....#'###
#.....>...#.......##..#.....#....
#.........#........##.......#....
+.........+.......(.#.......#....
#.........#..........(......#....


You could see a purple ugly thing (very poisoned) and a howler monkey.

Vanquished Creatures
  A two-headed ogre (D:6)
  A wizard (D:9)
  A wolf spider (shapeshifter) (D:4)
  5 yaks (D:8)
  A steam dragon (D:8)
  A water moccasin (D:6)
  Duvessa (D:7)
  A necrophage (D:5)
  An orc warrior (D:7)
  An ice beast (D:5)
  6 ogres
  3 centaurs
  2 phantoms
  5 kobold brigands
  2 bullfrogs
  4 scorpions
  A wyvern zombie (D:6)
  A gnoll sergeant (D:5)
  A wyvern skeleton (D:7)
  Dowan (D:7)
  6 killer bees
  8 wights
  2 electric eels (D:9)
  A howler monkey (D:5)
  3 centaur zombies
  3 hounds
  A jelly (D:7)
  2 centaur skeletons (D:7)
  3 gnoll shamans
  2 iguanas
  7 orc wizards
  A killer bee zombie (D:7)
  A howler monkey zombie (D:8)
  A mummy (D:8)
  14 gnolls
  A howler monkey skeleton (D:7)
  6 adders
  A white imp (D:6)
  An ufetubus (D:6)
  3 worms (D:4)
  A dart slug (D:3)
  22 orcs
  4 bats
  3 endoplasms
  A giant cockroach (D:2)
  5 goblins
  2 hobgoblins
  3 jackals
  14 kobolds
  6 quokkas
  9 ball pythons
  2 frilled lizards
  A goblin zombie (D:8)
  A kobold zombie (D:8)
  A quokka skeleton (D:4)
  10 rats
192 creatures vanquished.

Vanquished Creatures (others)
  A wight (D:8)
  6 fungi (D:8)
  8 plants
15 creatures vanquished.

Grand Total: 207 creatures vanquished

Notes
Turn   | Place    | Note
-------+----------+-------------------------------------------
     0 | D:1      | freelancePsychic the Demonspawn Chaos Knight began the
                  | quest for the Orb.
     0 | D:1      | Reached XP level 1. HP: 18/18 MP: 1/1
    37 | D:1      | Found Saigried's Distillery.
    65 | D:1      | Found a faded altar of an unknown god.
   169 | D:1      | Gained mutation: A meltable shield of frost defends you.
                  | (SH +4) [demonic ancestry]
   169 | D:1      | Reached XP level 2. HP: 22/24 MP: 2/2
   253 | D:1      | Reached skill level 1 in Short Blades
   418 | D:1      | XOM: god gift: scroll labelled PECZEN OTRUEKK {god gift}
   705 | D:2      | Reached XP level 3. HP: 6/29 MP: 3/3
   707 | D:2      | XOM: smoke on damage
   709 | D:2      | HP: 1/29 [poisoned by an adder]
   781 | D:2      | HP: 1/29 [frozen (1)]
  1182 | D:2      | XOM: 9-stop teleportation journey
  1453 | D:3      | XOM: noise
  1569 | D:3      | XOM: 2-stop teleportation journey
  1704 | D:3      | Reached XP level 4. HP: 37/37 MP: 4/4
  1896 | D:3      | Found a sacrificial altar of Ru.
  2253 | D:4      | Reached skill level 4 in Fighting
  2253 | D:4      | Reached XP level 5. HP: 10/42 MP: 5/5
  2899 | D:4      | Found a large runed translucent door.
  2912 | D:4      | Found a large runed translucent door.
  2922 | D:4      | XOM: noise
  2929 | D:4      | XOM: summons 4 hostile shadow creatures
  2932 | D:4      | Reached skill level 1 in Dodging
  2932 | D:4      | Reached XP level 6. HP: 37/49 MP: 6/6
  2937 | D:4      | XOM: silly message
  2944 | D:4      | XOM: swap monsters
  2989 | D:3      | XOM: give mutations
  2989 | D:3      | Gained mutation: You have a pair of small horns on your
                  | head. [Xom's mischief]
  2989 | D:3      | Lost mutation: You have a pair of small horns on your head.
                  | [Xom's mischief]
  2989 | D:3      | Gained mutation: Your movements are slightly less
                  | encumbered by armour. (ER -2) [Xom's mischief]
  2989 | D:3      | Gained mutation: Your body sometimes deteriorates upon
                  | taking damage. [Xom's mischief]
  3094 | D:4      | XOM: summons 4 hostile demons
  3098 | D:3      | XOM: confusion (+ monsters)
  3245 | D:4      | Reached skill level 5 in Fighting
  3364 | D:4      | You fall into a shaft and drop 1 floor!
  3364 | D:5      | Entered Level 5 of the Dungeon
  3375 | D:5      | XOM: confusion (+ monsters)
  3406 | D:5      | Reached XP level 7. HP: 49/56 MP: 7/7
  3501 | D:5      | XOM: 2-stop teleportation journey
  4014 | D:5      | Found an ornate altar of the Wu Jian Council.
  4031 | D:5      | XOM: confuse monster(s)
  4093 | D:4      | Found a large runed translucent door.
  4093 | D:4      | Found a large runed translucent door.
  4093 | D:4      | Noticed a glowing shapeshifter
  4093 | D:4      | a gnoll shaman changed into a glowing shapeshifter
  4093 | D:4      | XOM: polymorph gnoll shaman -> glowing shapeshifter
  4093 | D:4      | Noticed a torpor snail
  4093 | D:4      | a glowing shapeshifter changed into a torpor snail
  4095 | D:4      | Noticed an elephant
  4095 | D:4      | a torpor snail changed into an elephant
  4099 | D:4      | Noticed a glowing shapeshifter
  4099 | D:4      | an elephant changed into a glowing shapeshifter
  4100 | D:4      | Noticed a slime creature
  4100 | D:4      | a glowing shapeshifter changed into a slime creature
  4106 | D:4      | Noticed a goliath frog
  4113 | D:4      | Noticed a wolf spider
  4113 | D:4      | a goliath frog changed into a wolf spider
  4115 | D:4      | XOM: swap monsters
  4120 | D:4      | Noticed a fire dragon
  4132 | D:4      | Noticed a great orb of eyes
  4135 | D:4      | Noticed a wolf spider
  4135 | D:4      | a great orb of eyes changed into a wolf spider
  4148 | D:4      | Killed a wolf spider
  4149 | D:4      | Reached skill level 6 in Fighting
  4149 | D:4      | Gained mutation: You are partially covered in molten
                  | scales. (AC +2) [demonic ancestry]
  4149 | D:4      | Reached XP level 8. HP: 10/65 MP: 8/8
  4860 | D:5      | XOM: enchant monster (bad)
  4895 | D:4      | XOM: smoke on damage
  4925 | D:4      | Reached skill level 7 in Fighting
  4928 | D:4      | Reached skill level 5 in Dodging
  5184 | D:5      | Found a staircase to the Ecumenical Temple.
  5188 | D:5      | XOM: scenery: summon butterflies
  5193 | Temple   | Entered the Ecumenical Temple
  5232 | Temple   | Fell from the grace of Xom
  5232 | Temple   | Became a worshipper of Lugonu the Unformed
  5232 | Temple   | Reached * piety under Lugonu
  5357 | D:5      | XOM: swap monsters
  5371 | D:5      | Reached skill level 1 in Invocations
  6123 | D:6      | XOM: give mutations
  6123 | D:6      | Gained mutation: You sometimes lose the ability to read
                  | scrolls when taking damage. [Xom's mischief]
  6123 | D:6      | Gained mutation: You are clumsy. (Dex -2) [Xom's mischief]
  6240 | D:5      | XOM: summons 2 hostile demons
  6353 | D:4      | XOM: draining
  6648 | D:6      | XOM: summons 9 hostile demons
  6659 | D:6      | Noticed a two-headed ogre
  6760 | D:6      | XOM: summons 14 hostile demons
  7022 | D:6      | Reached skill level 5 in Short Blades
  7232 | D:6      | Reached skill level 8 in Fighting
  7237 | D:6      | XOM: summons 2 hostile demons
  7252 | D:6      | XOM: summons 2 hostile shadow creatures
  7422 | D:6      | XOM: give mutations
  7422 | D:6      | Lost mutation: Your body sometimes deteriorates upon taking
                  | damage. [Xom's mischief]
  7422 | D:6      | Gained mutation: You are very clumsy. (Dex -4) [Xom's
                  | mischief]
  7422 | D:6      | Lost mutation: You are very clumsy. (Dex -4) [Xom's
                  | mischief]
  7815 | D:6      | XOM: summons 3 hostile shadow creatures
  7866 | D:5      | XOM: summons 3 hostile shadow creatures
  8063 | D:6      | Killed a two-headed ogre
  8064 | D:6      | Reached XP level 9. HP: 59/75 MP: 11/14
  8523 | D:7      | Noticed Duvessa
  8533 | D:7      | Noticed Dowan
  8557 | D:7      | Killed Dowan
  8558 | D:7      | Reached skill level 9 in Fighting
  8558 | D:7      | Killed Duvessa
  8646 | D:6      | XOM: give mutations
  8646 | D:6      | Gained mutation: You are very clumsy. (Dex -4) [Xom's
                  | mischief]
  8646 | D:6      | Gained mutation: You are weak. (Str -2) [Xom's mischief]
  8699 | D:6      | XOM: give mutations
  8699 | D:6      | Gained mutation: You possess an exceptional clarity of
                  | mind. [Xom's grace]
  8699 | D:6      | Gained mutation: You are partially covered in large bone
                  | plates. (SH +4) [Xom's grace]
  8811 | D:7      | XOM: enchant monster (bad)
  9189 | D:6      | XOM: summons 4 hostile demons
  9274 | D:7      | Found a broken altar of Ashenzari.
  9345 | D:7      | Reached ** piety under Lugonu
  9388 | D:7      | Found a burning altar of Makhleb.
  9459 | D:7      | Found Res Deth's Weapon Boutique.
  9520 | D:7      | XOM: noise
  9667 | D:7      | Found a snail-covered altar of Cheibriados.
  9748 | D:7      | Found a blossoming altar of Fedhas.
  9748 | D:7      | Found a sparkling altar of Nemelex Xobeh.
  9749 | D:7      | Found a hazy altar of Hepliaklqana.
  9754 | D:7      | Found a bloodstained altar of Trog.
  9974 | D:8      | Found a shadowy altar of Dithmenos.
 10026 | D:8      | Found a radiant altar of Vehumet.
 10047 | D:8      | Found Plog's Antique Armour Emporium.
 10135 | D:8      | Reached skill level 10 in Fighting
 10564 | D:8      | Gained mutation: A meltable icy envelope protects you from
                  | harm. (AC +4) [demonic ancestry]
 10564 | D:8      | Reached XP level 10. HP: 58/85 MP: 15/15
 11210 | D:7      | Reached *** piety under Lugonu
 11619 | D:7      | XOM: noise
 11689 | D:7      | XOM: noise
 12487 | D:8      | Noticed Joseph
 12490 | D:8      | Banished Joseph
 12491 | D:8      | Reached skill level 11 in Fighting
 12545 | D:8      | XOM: noise
 12934 | D:8      | XOM: give mutation
 12934 | D:8      | Lost mutation: You sometimes lose the ability to read
                  | scrolls when taking damage. [Xom's mischief]
 13235 | D:9      | Noticed a manticore
 13277 | D:9      | Noticed a wizard
 13300 | D:9      | Banished a manticore
 13429 | D:8      | XOM: give mutations
 13429 | D:8      | Gained mutation: Armour fits poorly on your strangely
                  | shaped body. [Xom's mischief]
 13429 | D:8      | Gained mutation: You are frail. (-10% HP) [Xom's mischief]
 13429 | D:8      | Gained mutation: You expend magic power (3 MP) to
                  | strengthen your wands. [Xom's mischief]
 13429 | D:8      | Gained mutation: You sometimes lose the ability to read
                  | scrolls when taking damage. [Xom's mischief]
 13699 | D:9      | XOM: 1-stop teleportation journey
 13758 | D:9      | Cast into level 2 of the Abyss (a wizard)
 13775 | Abyss:2  | Was forgiven by Xom
 13829 | D:9      | Escaped the Abyss
 13850 | D:9      | Killed a wizard
 14144 | D:9      | Noticed a purple ugly thing
 14150 | D:9      | Slain by a shadow

Illustrated notes

Levels and vault maps discovered:
D:1:      enne_arrival_octagon_isle, layout_rooms,
          hellmonk_ecumenical_altar_crossroads, serial_shops,
          nicolae_shop_statue_plus, st_stairs_9
D:2:      layout_rooms
D:3:      layout_loops_cross, nicolae_ru_great_annihilating_truth, st_stairs_8
D:4:      layout_gridville, minmay_hollow_rounded_squares
D:5:      layout_loops_ring, nicolae_wu_jian_glorious_leap,
          minmay_temple_entry_poolview
D:6:      layout_layer_cave
D:7:      layout_cave_pools, kennysheep_mini, lemuel_doored_altar,
          lemuel_coloured_pillars_altar, minitemple, serial_shops,
          shop_fountains, uniq_duvessa
D:8:      kennysheep_seaside_town, layout_rooms, kennysheep_little_box,
          nicolae_dithmenos_shadow_blocks, nicolae_ossuary_entry_giza,
          nicolae_inconvenience_store, uniq_joseph
D:9:      layout_gridville, okawaru_ov_weapons_minmay, serial_bayou,
          serial_bayou_ford_a, serial_bayou_shore_b, serial_bayou_shore_a,
          serial_bayou_pond_a, minmay_diamond_spiral
Temple:   corrupted_temple

Skill      XL: |  1  2  3  4  5  6  7  8  9 10 |
---------------+-------------------------------+-----
Short Blades   | 1 2 3 4 5 |  5.0
Fighting       | 4 5 6 8 10 11 | 11.6
Dodging        | 1 2 4 5 6 8 |  8.4
Invocations    | 6 7 |  7.7
Armour         | |  1.7
Unarmed Combat | |  2.8

Action                   |  1- 3 |  4- 6 |  7- 9 | 10-12 || total
-------------------------+-------+-------+-------+-------++-------
Melee: Dagger            |   123 |   103 |   725 |   417 ||  1368
       Unarmed           |     9 |       |       |       ||     9
       Punch             |     1 |       |    12 |     8 ||    21
Throw: Dart              |       |     4 |    11 |       ||    15
Invok: Banish            |       |       |       |     3 ||     3
       Depart the Abyss  |       |       |       |     1 ||     1
Evoke: Wand              |       |       |     8 |     6 ||    14
  Use: Scroll            |     6 |     2 |     8 |       ||    16
       Potion            |     1 |       |     3 |     3 ||     7
 Stab: Sleeping          |       |       |     1 |     1 ||     2
       Invisible         |       |       |     7 |       ||     7
Armor: Leather armour    |    48 |    19 |   179 |    94 ||   340
Dodge: Dodged            |    68 |    47 |   363 |   208 ||   686
Block: Other             |    29 |    16 |   190 |   149 ||   384

Table legend: (Time is in decaauts)
 A = Elapsed time spent in this place.
 B = Non-inter-level travel time spent in this place.
 C = Inter-level travel time spent in this place.
 D = Time resting spent in this place.
 E = Time spent auto-exploring this place.
 F = Levels seen in this place.
 G = Mean time per level.
                   A        B        C        D        E       F      G
               +--------+--------+--------+--------+--------+-----+--------+
         Total |  13888 |  13514 |    374 |   2258 |   8633 |  11 | 1262.5 |
       Dungeon |  13755 |  13394 |    361 |   2258 |   8595 |   9 | 1528.3 |
        Temple |     65 |     52 |     13 |      0 |     20 |   1 |   65.0 |
         Abyss |     66 |     66 |      0 |      0 |     18 |   1 |   66.0 |
               +--------+--------+--------+--------+--------+-----+--------+

Top non-repeatable levels by time:
     D:8: 2988 daAuts
     D:6: 2259 daAuts
     D:4: 2067 daAuts
     D:5: 2038 daAuts
     D:7: 1331 daAuts
     D:3: 983 daAuts
     D:2: 800 daAuts
     D:1: 644 daAuts
     D:9: 641 daAuts
 Abyss:2: 66 daAuts
  Temple: 65 daAuts
